[Event "Titled Tuesday Blitz February 14 Early 2023"]
[White "Jaskolka, Tomasz"]
[Black "Lortkipanidze, Nodar"]
[WhiteFideId "1170791"]
[BlackFideId "13604058"]
[WhiteElo "2238"]
[BlackElo "2406"]
[Result "0-1"]
[Round "04"]
[TimeControl "180+2"]
[Date "2023.02.15"]
[WhiteClock "0:00:04"]
[BlackClock "0:01:40"]

1. d4 e6 2. g3 c5 3. Bg2 cxd4 4. Qxd4 Nc6 5. Qd1 d5 6. Nf3 Nf6 7. O-O Qb6 8. c3 e5 9. Qb3 Bf5 10. Qxb6 axb6 11. a3 Bd6 12. Be3 Bc7 13. h3 h6 14. Nbd2 O-O 15. Nh4 Bh7 16. f3 Rfe8 17. Bf2 Rad8 18. Rad1 g5 19. g4 gxh4 20. Bxh4 Kg7 21. e4 d4 22. f4 exf4 23. cxd4 Nxd4 24. e5 Bxe5 25. Nc4 Bc7 26. Bxb7 Ne2+ 27. Kh2 f3+ 28. Kh1 Ng3+ 29. Bxg3 Bxg3 30. Bxf3 b5 31. Na5 Ne4 32. Kg2 Bh4 33. Nc6 Rxd1 34. Rxd1 Ng5 35. Nd4 Re3 36. Bc6 Rg3+ 37. Kf1 Rxh3 38. Bxb5 Ne4 39. Kg2 Rg3+ 40. Kh2 Rxg4 41. Bd3 Bg3+ 42. Kh3 h5 43. Be2 Ng5+ 44. Kg2 Be4+ 45. Kf1 Rf4+ 46. Kg1 Nh3# 0-1


[Site "https://www.chess.com"]

[Event "Titled Tuesday Blitz February 14 Early 2023"]
[White "Barp, Alberto"]
[Black "Derjabin, Ilja"]
[WhiteFideId "872555"]
[BlackFideId "14104768"]
[WhiteElo "2432"]
[BlackElo "2333"]
[Result "1/2-1/2"]
[Round "04"]
[TimeControl "180+2"]
[Date "2023.02.15"]
[WhiteClock "0:00:08"]
[BlackClock "0:00:08"]

1. d4 Nf6 2. Nf3 d6 3. Bg5 Bf5 4. Nbd2 Ne4 5. Nxe4 Bxe4 6. e3 g6 7. Bd3 Bxd3 8. Qxd3 Nd7 9. O-O c6 10. e4 Bg7 11. Rfe1 O-O 12. e5 dxe5 13. dxe5 h6 14. e6 hxg5 15. Nxg5 Nf6 16. exf7+ Rxf7 17. Qxg6 Qe8 18. Re6 Rf8 19. Qf5 Qh5 20. Rxe7 Ng4 21. Rxg7+ Kxg7 22. Ne6+ Kh6 23. Qxh5+ Kxh5 24. Nxf8 Rxf8 25. Re1 Rd8 26. f3 Nf6 27. Kf2 Rd2+ 28. Re2 Rd1 29. g3 Kg5 30. h4+ Kf5 31. c4 b5 32. cxb5 cxb5 33. Rc2 a6 34. Ke3 Re1+ 35. Re2 Rb1 36. Kd4 Rg1 37. g4+ Kf4 38. g5 Nh5 39. Re6 Ng3 40. Rxa6 Nf5+ 41. Kc5 Rg2 42. b4 Nxh4 43. Kxb5 Nxf3 44. Rf6+ Ke4 45. g6 Ne5 46. a4 Nxg6 47. a5 Ne5 48. a6 Ra2 49. Rd6 Nf3 50. Kb6 Nd4 51. b5 Ke5 52. Rd8 Nxb5 53. Kxb5 Rb2+ 54. Kc6 Rc2+ 55. Kb7 Rb2+ 56. Ka8 Ke6 57. Rb8 Ra2 58. Kb7 Rb2+ 59. Kc7 Rc2+ 60. Kd8 Rd2+ 61. Ke8 Ra2 62. Rb6+ Kd5 63. Kd8 Kc5 64. Kc7 Rh2 65. Rc6+ Kb5 66. Rb6+ Kc5 67. Rf6 Rh7+ 68. Kb8 Rh8+ 69. Kb7 Rh7+ 70. Kc8 Rh8+ 71. Kd7 Rh7+ 72. Ke8 Rh8+ 73. Kf7 Ra8 74. Ke7 Kb5 75. Kd7 Ra7+ 76. Kc8 Rxa6 77. Rf5+ Kb4 78. Rf4+ Kb3 79. Rf7 Kc3 80. Rc7+ Kd4 81. Kb7 Re6 82. Rd7+ Ke5 83. Kc7 Kf6 84. Rd6 Rxd6 85. Kxd6 1/2-1/2


[Site "https://www.chess.com"]

[Event "Titled Tuesday Blitz February 14 Early 2023"]
[White "Zahid, Sanatan"]
[Black "Zaragatski, Ilja"]
[WhiteFideId "10201963"]
[BlackFideId "4655192"]
[WhiteElo "1930"]
[BlackElo "2472"]
[Result "1/2-1/2"]
[Round "04"]
[TimeControl "180+2"]
[Date "2023.02.15"]
[WhiteClock "0:00:18"]
[BlackClock "0:00:09"]

1. d4 Nf6 2. Nc3 c5 3. d5 g6 4. e4 d6 5. f4 Bg7 6. Bb5+ Nfd7 7. a4 Na6 8. Nf3 Nc7 9. Bd3 a6 10. Kf1 Rb8 11. a5 b5 12. axb6 Rxb6 13. g3 Nb5 14. Ne2 Nf6 15. Kg2 O-O 16. c4 Nc7 17. Qc2 e6 18. Nc3 exd5 19. cxd5 Re8 20. Re1 Bg4 21. Nd2 Nfxd5 22. Nc4 Nb4 23. Qd2 Rb8 24. Ne3 Be6 25. Ne2 Qc8 26. Bb1 Nb5 27. Kf2 Bd7 28. Rd1 Bc6 29. Nc3 Qh3 30. Kg1 Nd4 31. Qg2 Qxg2+ 32. Kxg2 f5 33. Kf2 fxe4 34. Nc4 d5 35. Na5 Ba8 36. Be3 Ne6 37. Bc1 Nd3+ 38. Bxd3 exd3 39. Rxd3 d4 40. Ne2 Be4 41. Rd1 Nc7 42. Nc4 Bd5 43. Ne5 Bxe5 44. fxe5 Rxe5 45. Nf4 Bc6 46. Ra5 g5 47. Nd3 Rf5+ 48. Kg1 Rb5 49. Ra3 c4 50. Nf2 Ne6 51. Re1 Rbe5 52. Bd2 Rxe1+ 53. Bxe1 Re5 54. Ra1 h5 55. Bb4 Kf7 56. Rf1 Kg6 57. Rc1 Bd5 58. Ra1 Bb7 59. Rc1 Bd5 60. Kf1 Rf5 61. Ra1 Bb7 62. Ke2 Re5+ 63. Kf1 h4 64. gxh4 gxh4 65. Bd2 Ng5 66. Bf4 Rf5 67. Bxg5 Kxg5 68. Rd1 Rf4 69. Ra1 Kf5 70. Ra5+ Ke6 71. Ke2 Rf5 72. Ra1 Re5+ 73. Kd2 Rf5 74. Re1+ Kd5 75. Ng4 Rg5 76. Nf6+ Kc6 77. Re6+ Kc7 78. Re7+ Kb6 79. Nd7+ Ka7 80. Kc1 Rg1+ 81. Kc2 Rg2+ 82. Kb1 Bc6 83. Ne5+ Kb6 84. Re6 Kc5 85. Nxc6 Kd5 86. Rh6 d3 87. Nb4+ Kc5 88. Nxa6+ Kd4 89. Rxh4+ Ke3 90. Nc5 Rg1+ 91. Ka2 d2 92. Re4+ Kf3 93. Rd4 d1=Q 94. Rxd1 Rxd1 95. Na4 Ke3 96. Ka3 Kd4 97. Kb4 Rd2 98. h4 Rh2 99. Nb6 Rxh4 100. Nxc4 Kd5 101. b3 Rxc4+ 102. bxc4+ Kc6 103. c5 Kc7 104. Kb5 Kb7 105. c6+ Kc7 106. Kc5 Kc8 107. Kd6 Kd8 108. Kd5 Kc7 109. Kc5 Kc8 110. c7 Kxc7 1/2-1/2


[Site "https://www.chess.com"]

[Event "Titled Tuesday Blitz February 14 Early 2023"]
[White "Ajay, Karthikeyan"]
[Black "Petrovic, Aleksa"]
[WhiteFideId "35011685"]
[BlackFideId "967629"]
[WhiteElo "2454"]
[BlackElo "2332"]
[Result "1-0"]
[Round "04"]
[TimeControl "180+2"]
[Date "2023.02.15"]
[WhiteClock "0:00:10"]
[BlackClock "0:00:12"]

1. d4 Nf6 2. Bf4 e6 3. e3 c5 4. Nf3 Qb6 5. Na3 cxd4 6. Nb5 Nd5 7. Bxb8 Bb4+ 8. c3 dxc3 9. bxc3 Nxc3 10. Qb3 Nd5+ 11. Nd2 Rxb8 12. Bc4 Bxd2+ 13. Kxd2 a6 14. Bxd5 axb5 15. Bf3 d5 16. Qb4 Bd7 17. a4 f6 18. Bh5+ g6 19. Be2 Kf7 20. Rhc1 Rhc8 21. axb5 Rxc1 22. Rxc1 Rc8 23. Rxc8 Bxc8 24. f4 Bd7 25. h4 Qd8 26. b6 Qe7 27. Qc3 Bc6 28. g4 Qd8 29. g5 fxg5 30. hxg5 Qe7 31. Ba6 Ke8 32. Bd3 Kd7 33. Qe5 Qb4+ 34. Ke2 Qxb6 35. Qg7+ Kc8 36. Qg8+ Kc7 37. Qxh7+ Kb8 38. Qh8+ Ka7 39. Qa1+ Kb8 40. Bxg6 Bb5+ 41. Kf2 Bc4 42. Bc2 Qc5 43. Qe5+ Ka7 44. Qd4 Kb6 45. g6 1-0


[Site "https://www.chess.com"]

[Event "Titled Tuesday Blitz February 14 Early 2023"]
[White "Girsh, Daniel"]
[Black "Costachi, Mihnea"]
[WhiteFideId "30949190"]
[BlackFideId "1217518"]
[WhiteElo "2123"]
[BlackElo "2476"]
[Result "0-1"]
[Round "04"]
[TimeControl "180+2"]
[Date "2023.02.15"]
[WhiteClock "0:00:29"]
[BlackClock "0:01:33"]

1. e4 c5 2. Nf3 Nc6 3. Bb5 g6 4. O-O Bg7 5. Bxc6 dxc6 6. d3 Nf6 7. Re1 O-O 8. h3 Re8 9. e5 Nd5 10. Nbd2 f6 11. Ne4 b6 12. Bd2 Be6 13. a3 Qd7 14. c4 Nc7 15. Qe2 Rad8 16. Bf4 f5 17. Neg5 Qxd3 18. Qxd3 Rxd3 19. Rac1 Red8 20. h4 h6 21. Nh3 Bc8 22. Be3 Ne6 23. g3 Nd4 24. Kg2 Nxf3 25. Kxf3 Bxe5 26. Rc2 Kf7 27. Ke2 Bf6 28. Bxh6 e5 29. Ng5+ Ke7 30. Rh1 f4 31. gxf4 exf4 32. Re1 Bf5 33. Kf1+ Kd7 34. Nf7 Re8 35. Rxe8 Kxe8 36. Ng5 Rd1+ 37. Ke2 Bxc2 0-1


[Site "https://www.chess.com"]

[Event "Titled Tuesday Blitz February 14 Early 2023"]
[White "Darini, Pouria"]
[Black "Kuzmin, Roman"]
[WhiteFideId "12502200"]
[BlackFideId "44134932"]
[WhiteElo "2401"]
[BlackElo "2198"]
[Result "1-0"]
[Round "04"]
[TimeControl "180+2"]
[Date "2023.02.15"]
[WhiteClock "0:00:26"]
[BlackClock "0:00:02"]

1. d4 Nf6 2. c4 e6 3. Nc3 d5 4. cxd5 exd5 5. Bg5 Nbd7 6. e3 c6 7. Bd3 Be7 8. Qc2 O-O 9. Nge2 Re8 10. O-O Nf8 11. a3 Bd6 12. b4 Bxh2+ 13. Kh1 Bc7 14. b5 Ng6 15. bxc6 bxc6 16. Bxg6 fxg6 17. Bf4 Bf5 18. Qa4 Bxf4 19. Nxf4 Ng4 20. Qxc6 Qh4+ 21. Nh3 Rad8 22. Kg1 Nf6 23. Nf4 Rc8 24. Qb5 Rxc3 25. Nxd5 Rcc8 26. f3 Nxd5 27. Qxd5+ Be6 28. Qa5 Qe7 29. Rfe1 Bf7 30. e4 Qf6 31. Rad1 Re7 32. d5 Qb6+ 33. Qxb6 axb6 34. Rb1 Rb7 35. Re3 b5 36. Reb3 Be8 37. a4 Rcb8 38. Rb4 Bd7 39. Kf2 Kf7 40. Ke3 Ke7 41. Kd4 Rb6 42. e5 R6b7 43. g3 Bf5 44. R1b2 Bd7 45. e6 Be8 46. Ke5 Rb6 47. f4 h6 48. Rb1 g5 49. f5 Rc8 50. axb5 Rc2 51. Ra1 Re2+ 52. Re4 Rxe4+ 53. Kxe4 Rxb5 54. Ke5 Rb7 55. d6+ Kd8 56. Ra8+ 1-0


[Site "https://www.chess.com"]

[Event "Titled Tuesday Blitz February 14 Early 2023"]
[White "Novikov, Evgenij"]
[Black "Mahdavi, Reza"]
[WhiteFideId "4125380"]
[BlackFideId "12595926"]
[WhiteElo "2276"]
[BlackElo "2339"]
[Result "0-1"]
[Round "04"]
[TimeControl "180+2"]
[Date "2023.02.15"]
[WhiteClock "0:00:02"]
[BlackClock "0:00:11"]

1. Nf3 Nf6 2. g3 g6 3. Bg2 Bg7 4. O-O O-O 5. d4 d6 6. c4 c5 7. dxc5 dxc5 8. Nc3 Nc6 9. Be3 Qa5 10. h3 Qb4 11. Qb3 Be6 12. Nd2 Rfd8 13. a3 Qxb3 14. Nxb3 Bxc4 15. Nxc5 Rab8 16. b3 Nd5 17. Nxd5 Bxd5 18. Rac1 Bxg2 19. Kxg2 Bd4 20. Bxd4 Nxd4 21. e3 Nf5 22. Rfd1 b6 23. Na6 Rbc8 24. Rxd8+ Rxd8 25. g4 Nh4+ 26. Kg3 g5 27. Nb4 f6 28. Nc6 Rd7 29. Nd4 Kf7 30. Rc8 e5 31. Nf5 Nxf5+ 32. gxf5 h5 33. h4 g4 34. Rh8 Kg7 35. Ra8 Rc7 36. f3 Rc3 37. Rxa7+ Kh6 38. Kf2 Rc2+ 39. Kg3 Rc3 40. fxg4 Rxe3+ 41. Kf2 Re4 42. Rf7 Rf4+ 43. Ke3 hxg4 44. Rxf6+ Kh5 45. Rxb6 Rxf5 46. Rb8 Kxh4 47. Rh8+ Kg3 48. Ke4 Rf3 49. Kxe5 Rxb3 50. a4 Ra3 51. Rg8 Rxa4 52. Rg7 Kf2 53. Kf5 g3 54. Rf7 g2 55. Kg5+ Kg3 56. Kh5 Rh4+ 0-1


[Site "https://www.chess.com"]

[Event "Titled Tuesday Blitz February 14 Early 2023"]
[White "Alex_Sahakyan2006"]
[Black "Kokoszczynski, Jan"]
[BlackFideId "1174460"]
[WhiteElo "2715"]
[BlackElo "2247"]
[Result "1-0"]
[Round "04"]
[TimeControl "180+2"]
[Date "2023.02.15"]
[WhiteClock "0:00:04"]
[BlackClock "0:00:01"]

1. e4 c6 2. d4 d5 3. Nc3 dxe4 4. Nxe4 Nf6 5. Nxf6+ exf6 6. Bd3 Qxd4 7. Ne2 Qb6 8. O-O Bc5 9. Nc3 Be6 10. Qh5 g6 11. Qh4 Be7 12. a4 Nd7 13. a5 Qc7 14. Bh6 f5 15. Qa4 Bf6 16. Rfe1 Nc5 17. Nb5 Qe7 18. Qa3 cxb5 19. Bxb5+ Nd7 20. Rad1 Qxa3 21. Bxd7+ Ke7 22. bxa3 Rad8 23. Ba4 Rxd1 24. Rxd1 Rc8 25. Be3 a6 26. h3 h5 27. Rb1 Rc7 28. Bb6 Rc8 29. Ba7 Bd5 30. Bb3 Bc6 31. Bc5+ Kd7 32. Rd1+ Ke8 33. Re1+ Kd7 34. Bxf7 Bxg2 35. Be6+ Kd8 36. Bxc8 1-0


[Site "https://www.chess.com"]

[Event "Titled Tuesday Blitz February 14 Early 2023"]
[White "Dehtiarov, Roman"]
[Black "Turzo, Attila"]
[WhiteFideId "14186640"]
[BlackFideId "704954"]
[WhiteElo "2289"]
[BlackElo "2279"]
[Result "0-1"]
[Round "04"]
[TimeControl "180+2"]
[Date "2023.02.15"]
[WhiteClock "0:00:03"]
[BlackClock "0:00:10"]

1. e4 c5 2. Nc3 Nc6 3. f4 g6 4. Nf3 Bg7 5. Bb5 Nd4 6. O-O e6 7. e5 Nxf3+ 8. Qxf3 a6 9. Bd3 d5 10. exd6 Nf6 11. Ne4 Nxe4 12. Bxe4 Rb8 13. c3 O-O 14. Bc2 Qxd6 15. d3 b5 16. Be3 Bb7 17. Qf2 Rbc8 18. Rad1 b4 19. d4 c4 20. f5 exf5 21. d5 Bxd5 22. cxb4 Qc6 23. Bc5 Rfe8 24. Rfe1 Bxb2 25. Bxf5 Bc3 26. Bxc8 Bxe1 27. Rxe1 Rxe1+ 28. Qxe1 Qxc8 29. Qe5 Qe6 30. Qb8+ Kg7 31. Qf8+ Kf6 32. Qd8+ Kf5 33. Bf2 g5 34. h3 h5 35. Qh8 h4 36. Qh7+ Kf4 37. Qc2 Qe4 38. Qd2+ Kf5 39. Qc1 Qxg2# 0-1


[Site "https://www.chess.com"]

[Event "Titled Tuesday Blitz February 14 Early 2023"]
[White "surrenderPLS"]
[Black "Dragnev, Valentin"]
[BlackFideId "1634852"]
[WhiteElo "2491"]
[BlackElo "2593"]
[Result "0-1"]
[Round "04"]
[TimeControl "180+2"]
[Date "2023.02.15"]
[WhiteClock "0:00:02"]
[BlackClock "0:00:24"]

1. e4 c6 2. d4 d5 3. e5 Bf5 4. h4 h6 5. g4 Bh7 6. e6 Qd6 7. exf7+ Kxf7 8. Nf3 Nd7 9. Bd3 Bxd3 10. Qxd3 Ngf6 11. g5 hxg5 12. Nxg5+ Kg8 13. Qg6 Rh6 14. Qf7+ Kh8 15. Ne6 Rh7 16. Nf4 Rh6 17. Ng6+ Rxg6 18. Qxg6 e5 19. Nd2 exd4 20. Nf3 Re8+ 21. Kf1 Ne5 22. Nxe5 Qxe5 23. Kg2 Qe2 24. Bf4 Re4 25. Rae1 Qxc2 26. Rxe4 Nxe4 27. Bg3 Qc5 28. h5 Qe7 29. h6 gxh6 30. Bf4 Qh7 0-1


[Site "https://www.chess.com"]

[Event "Titled Tuesday Blitz February 14 Early 2023"]
[White "Matinian, Nikita"]
[Black "Florescu, Codrut-Constantin"]
[WhiteFideId "24129100"]
[BlackFideId "1202200"]
[WhiteElo "2407"]
[BlackElo "2259"]
[Result "1-0"]
[Round "04"]
[TimeControl "180+2"]
[Date "2023.02.15"]
[WhiteClock "0:00:03"]
[BlackClock "0:00:14"]

1. e4 c5 2. Nf3 e6 3. d4 cxd4 4. Nxd4 a6 5. Nc3 d6 6. g4 b5 7. Bg2 Bb7 8. O-O Ne7 9. a4 b4 10. Nce2 Nbc6 11. c3 e5 12. Nf5 Nxf5 13. exf5 h5 14. g5 Qd7 15. cxb4 Nxb4 16. Bxb7 Qxb7 17. Qb3 d5 18. Bd2 Bd6 19. Bxb4 Bxb4 20. Rad1 Rd8 21. Nc3 d4 22. Rfe1 O-O 23. Ne4 Rd7 24. Re2 a5 25. Rd3 Rc8 26. f3 Qd5 27. Qxd5 Rxd5 28. Kg2 Rd7 29. Ng3 h4 30. Nh5 Rdc7 31. Rxe5 Rc2+ 32. Kh3 Rxb2 33. Re4 Bc3 34. g6 fxg6 35. fxg6 Rb6 36. Nf4 Rf6 37. Kxh4 Rc5 38. Kg4 Rcf5 39. h4 Rf8 40. h5 Rc5 41. Ne6 Rc4 42. Nxf8 Kxf8 43. f4 Rxa4 44. Rxc3 dxc3 45. Rxa4 c2 46. Rc4 Ke7 47. Rxc2 Kd6 48. Ra2 1-0


[Site "https://www.chess.com"]

[Event "Titled Tuesday Blitz February 14 Early 2023"]
[White "Donskov, Anatoly"]
[Black "Csonka, Balazs"]
[WhiteFideId "24143413"]
[BlackFideId "742910"]
[WhiteElo "2279"]
[BlackElo "2496"]
[Result "1-0"]
[Round "04"]
[TimeControl "180+2"]
[Date "2023.02.15"]
[WhiteClock "0:00:29"]
[BlackClock "0:00:02"]

1. e4 e5 2. Nf3 Nc6 3. Bb5 a6 4. Ba4 Nf6 5. Qe2 Be7 6. c3 b5 7. Bb3 O-O 8. O-O d5 9. d3 Be6 10. Rd1 Re8 11. Nbd2 h6 12. Nf1 Bd6 13. Ng3 Qd7 14. h3 Rad8 15. Nh4 Bf8 16. Nhf5 Ne7 17. Qf3 Bxf5 18. exf5 c5 19. a4 b4 20. a5 Rb8 21. Ba4 Nc6 22. Bd2 Qd6 23. Re1 Re7 24. cxb4 Nxb4 25. Bc3 d4 26. Bd2 Qd5 27. Qe2 Qb7 28. Rac1 Qc7 29. Bb3 Qxa5 30. Bc4 Qb6 31. Nh5 Nxh5 32. Qxh5 Qf6 33. Re4 Qd6 34. Rg4 Kh7 35. Bxf7 Rb6 36. Bg6+ Kg8 37. Bg5 1-0


[Site "https://www.chess.com"]

[Event "Titled Tuesday Blitz February 14 Early 2023"]
[White "Md, Imran"]
[Black "Khamdamova, Afruza"]
[WhiteFideId "25748580"]
[BlackFideId "14210444"]
[WhiteElo "2284"]
[BlackElo "2162"]
[Result "1-0"]
[Round "04"]
[TimeControl "180+2"]
[Date "2023.02.15"]
[WhiteClock "0:00:42"]
[BlackClock "0:00:17"]

1. e4 e5 2. Nf3 Nf6 3. Nc3 Nc6 4. Bc4 Nxe4 5. Nxe4 d5 6. Bd3 Nb4 7. Ng3 e4 8. Bxe4 dxe4 9. Nxe4 Bf5 10. Qe2 Qe7 11. d3 O-O-O 12. O-O f6 13. a3 Nc6 14. b4 Bg4 15. Bb2 f5 16. Ng3 Qxe2 17. Nxe2 Bxf3 18. gxf3 Bd6 19. Rfe1 Be5 20. Bxe5 Nxe5 21. Kg2 Rhe8 22. f4 Nc6 23. b5 Ne7 24. Nc3 Ng6 25. Kg3 h5 26. Re3 h4+ 27. Kf3 Rg8 28. Rg1 Nf8 29. Re5 Rd4 30. Ke3 Rd6 31. Nd5 Kd8 32. Ne7 Rh8 33. Nxf5 Rf6 34. Rd5+ Ke8 35. Rxg7 Ne6 36. Re7+ Kf8 37. Kd2 h3 38. Rxe6 Rxe6 39. Rd8+ 1-0


[Site "https://www.chess.com"]

[Event "Titled Tuesday Blitz February 14 Early 2023"]
[White "Vaibhav Jayant Raut"]
[Black "Kochetov, Andrey"]
[WhiteFideId "5089034"]
[BlackFideId "24130532"]
[WhiteElo "2237"]
[BlackElo "2165"]
[Result "1-0"]
[Round "04"]
[TimeControl "180+2"]
[Date "2023.02.15"]
[WhiteClock "0:01:43"]
[BlackClock "0:00:01"]

1. Nf3 Nf6 2. g3 b6 3. Bg2 Bb7 4. O-O d5 5. d3 c5 6. Nbd2 e6 7. c4 Be7 8. a3 O-O 9. b3 Nc6 10. Bb2 Rc8 11. cxd5 Nxd5 12. Ne4 Nf6 13. Nfd2 Nxe4 14. Nxe4 Qd7 15. Qd2 Rfd8 16. Rac1 Nd4 17. Bxd4 Qxd4 18. Nf6+ Bxf6 19. Bxb7 Rc7 20. Bg2 Qb2 21. Qf4 Be5 22. Rb1 Qc3 23. Qg5 Bf6 24. Qf4 Be5 25. Qh4 Bf6 26. Qa4 h5 27. h4 Qd4 28. Qb5 Be5 29. Rbc1 Qb2 30. Qa6 Qxb3 31. a4 Qb2 32. e3 Qb4 33. Rfd1 Rdc8 34. Bf3 Bf6 35. Bxh5 g6 36. Bf3 Qb2 37. Kg2 Qe5 38. Rc4 Kg7 39. Rdc1 Qd6 40. a5 Qxd3 41. axb6 axb6 42. Qxb6 Be7 43. Bb7 Rxb7 44. Qxb7 Qd8 45. h5 Rb8 46. Qf3 Rb2 47. hxg6 fxg6 48. Re4 Bf6 49. Rxe6 1-0


[Site "https://www.chess.com"]

[Event "Titled Tuesday Blitz February 14 Early 2023"]
[White "Bychkov, Vladimir"]
[Black "Sokolovsky, Yahli"]
[WhiteFideId "24151513"]
[BlackFideId "2820242"]
[WhiteElo "2225"]
[BlackElo "2461"]
[Result "1-0"]
[Round "04"]
[TimeControl "180+2"]
[Date "2023.02.15"]
[WhiteClock "0:01:03"]
[BlackClock "0:00:07"]

1. d4 d5 2. c4 c6 3. Nc3 e6 4. g3 f5 5. Nf3 Nf6 6. Bg2 Bd6 7. Bf4 Bxf4 8. gxf4 O-O 9. Ne5 Nbd7 10. cxd5 exd5 11. e3 Ne4 12. Nxe4 fxe4 13. Qd2 Nxe5 14. dxe5 Bg4 15. h3 Bh5 16. Rg1 Kh8 17. Bf1 c5 18. Be2 Bxe2 19. Qxe2 d4 20. exd4 Rxf4 21. dxc5 Qa5+ 22. Qd2 Qxd2+ 23. Kxd2 Rxf2+ 24. Ke3 Rxb2 25. Rad1 Rc2 26. Rd7 Rg8 27. Rc7 Rc3+ 28. Kxe4 Rxh3 29. Rxb7 g5 30. e6 Rh2 31. c6 Re2+ 32. Kd5 Rd2+ 33. Ke5 Re8 34. e7 Re2+ 35. Kf6 Rf2+ 36. Ke6 Re2+ 37. Kf7 Rg8 38. Rxg5 Rf2+ 39. Ke6 Re2+ 40. Re5 Rxa2 41. c7 Rc2 42. Rb8 1-0


[Site "https://www.chess.com"]

[Event "Titled Tuesday Blitz February 14 Early 2023"]
[White "Taspinar, Yanki"]
[Black "Manukian, Artak"]
[WhiteFideId "34561188"]
[BlackFideId "13301373"]
[WhiteElo "2262"]
[BlackElo "2196"]
[Result "1-0"]
[Round "04"]
[TimeControl "180+2"]
[Date "2023.02.15"]
[WhiteClock "0:01:22"]
[BlackClock "0:01:16"]

1. Nf3 g6 2. g3 Bg7 3. Bg2 e5 4. O-O e4 5. Ne1 d5 6. d3 f5 7. c4 dxc4 8. Qa4+ Qd7 9. Qxc4 exd3 10. Nxd3 Nc6 11. Nc3 Qe6 12. Bd5 Qd7 13. Bxg8 Na5 14. Qd5 Bxc3 15. bxc3 Qxd5 16. Bxd5 c6 17. Bf3 Be6 18. Nc5 Bd5 19. Bxd5 cxd5 20. Be3 Rc8 21. Bd4 O-O 22. Rab1 b6 23. Nd3 Rc4 24. Rb4 Rfc8 25. Rfb1 Nc6 26. Rxc4 dxc4 27. Ne5 Nxd4 28. cxd4 c3 29. Nd3 Kf7 30. Kf1 Ke6 31. e3 Kd5 32. Ke2 Rc4 33. Nb4+ Kd6 34. Kd3 b5 35. Nc2 a6 36. Rb3 Ra4 37. a3 Rc4 38. Rxc3 Rxc3+ 39. Kxc3 a5 40. f3 Kd5 41. Kd3 g5 42. e4+ fxe4+ 43. fxe4+ 1-0


[Site "https://www.chess.com"]

[Event "Titled Tuesday Blitz February 14 Early 2023"]
[White "Ozates, Tuna"]
[Black "Sai Han Thiha"]
[WhiteFideId "6354521"]
[BlackFideId "13012290"]
[WhiteElo "2251"]
[BlackElo "2070"]
[Result "1-0"]
[Round "04"]
[TimeControl "180+2"]
[Date "2023.02.15"]
[WhiteClock "0:00:49"]
[BlackClock "0:00:02"]

1. d4 d5 2. Bf4 c5 3. e3 Nc6 4. c3 cxd4 5. exd4 Bf5 6. Nf3 e6 7. Bb5 h5 8. Ne5 Rc8 9. Qa4 Qb6 10. O-O Ne7 11. b4 f6 12. Nd3 a6 13. Bxc6+ Qxc6 14. Qd1 g5 15. Bc1 Ng6 16. Re1 Kf7 17. a4 Bd6 18. Ba3 Qc7 19. h3 g4 20. b5 Bh2+ 21. Kh1 gxh3 22. Ne5+ fxe5 23. Kxh2 hxg2 24. Nd2 exd4+ 25. Kg1 dxc3 26. Nf3 Qf4 27. Bc1 Qg4 28. Ng5+ Kf6 29. f3 Qg3 30. Qd4+ Ne5 31. Bf4 Rc4 32. Qxe5+ Kg6 33. Bxg3 Rhc8 34. Nxe6 c2 35. Qg7# 1-0


[Site "https://www.chess.com"]

[Event "Titled Tuesday Blitz February 14 Early 2023"]
[White "Kavutskiy, Konstantin"]
[Black "Liyanage, Ranindu Dilshan"]
[WhiteFideId "2026384"]
[BlackFideId "9915834"]
[WhiteElo "2414"]
[BlackElo "2342"]
[Result "1-0"]
[Round "04"]
[TimeControl "180+2"]
[Date "2023.02.15"]
[WhiteClock "0:00:17"]
[BlackClock "0:00:05"]

1. d4 Nf6 2. Bg5 d5 3. Nd2 Nbd7 4. e3 e6 5. Bd3 Be7 6. c3 c5 7. f4 b6 8. Ngf3 Bb7 9. O-O h6 10. Bxf6 Bxf6 11. Ne5 O-O 12. Kh1 Rc8 13. g4 Bxe5 14. fxe5 f6 15. exf6 Nxf6 16. Qf3 Qe7 17. Qg3 e5 18. Bf5 Rce8 19. Rae1 Bc8 20. Bxc8 Rxc8 21. dxe5 Nd7 22. Rxf8+ Rxf8 23. e4 Qe6 24. exd5 Qxd5+ 25. Qg2 Qe6 26. Qe4 Re8 27. Qc4 Kh7 28. Qxe6 Rxe6 29. Nf3 Kg8 30. Kg2 Kf7 31. Kg3 Ke7 32. h4 Nf8 33. h5 Nd7 34. Kf4 Nb8 35. Nh4 Nc6 36. Nf5+ Kf8 37. a3 Na5 38. Rd1 Nc4 39. Rd8+ Kf7 40. Rd7+ Kf8 41. Nxg7 Rxe5 42. Nf5 Re2 43. Nxh6 Rf2+ 44. Kg5 Ne5 45. Rxa7 Rxb2 46. Nf5 Rg2 47. h6 Nf7+ 48. Kf6 Ke8 49. Re7+ Kd8 50. Rxf7 1-0


[Site "https://www.chess.com"]

[Event "Titled Tuesday Blitz February 14 Early 2023"]
[White "Khandelwal, Ankush"]
[Black "Nigmatov, Ortik"]
[WhiteFideId "413470"]
[BlackFideId "14202131"]
[WhiteElo "2205"]
[BlackElo "2438"]
[Result "0-1"]
[Round "04"]
[TimeControl "180+2"]
[Date "2023.02.15"]
[WhiteClock "0:00:10"]
[BlackClock "0:00:12"]

1. d4 Nf6 2. Nc3 d5 3. Bf4 e6 4. h4 Bb4 5. e3 Ne4 6. Ne2 c5 7. dxc5 Nc6 8. f3 Nxc3 9. Nxc3 e5 10. Bg3 Be6 11. a3 Bxc3+ 12. bxc3 Qa5 13. Qd2 Qxc5 14. Bf2 Qe7 15. a4 O-O 16. Bd3 Rad8 17. Rb1 e4 18. Be2 exf3 19. gxf3 Bf5 20. h5 Rfe8 21. Rg1 Kh8 22. Rb5 Qf6 23. Rg3 b6 24. Kf1 Re5 25. f4 Ree8 26. Rxd5 Be4 27. c4 Bxd5 28. cxd5 Ne7 29. e4 Qh6 30. Bd4 f6 31. c4 Nc8 32. a5 Rxe4 33. axb6 Rxf4+ 34. Ke1 axb6 35. Be3 g5 36. hxg6 Qh1+ 37. Rg1 Qh4+ 38. Kd1 Rxc4 39. Bxc4 Qxc4 40. gxh7 Rxd5 41. Rg8+ Kxh7 42. Rd8 Rxd2+ 43. Rxd2 Ne7 44. Rh2+ Kg7 45. Rh4 Qxh4 0-1


[Site "https://www.chess.com"]

[Event "Titled Tuesday Blitz February 14 Early 2023"]
[White "Papasimakopoulos, Alexandros"]
[Black "Tymrakiewicz, Rafal"]
[WhiteFideId "4244125"]
[BlackFideId "1108832"]
[WhiteElo "2401"]
[BlackElo "2144"]
[Result "1-0"]
[Round "04"]
[TimeControl "180+2"]
[Date "2023.02.15"]
[WhiteClock "0:00:12"]
[BlackClock "0:00:10"]

1. d4 Nf6 2. c4 d6 3. Nf3 Nc6 4. Nc3 e5 5. Bg5 Be7 6. e3 O-O 7. d5 Nb8 8. e4 Na6 9. Bc1 c6 10. Bd3 Nc5 11. Bc2 a5 12. O-O Bg4 13. h3 Bh5 14. Be3 cxd5 15. Bxc5 dxe4 16. Bxd6 Bxf3 17. Bxe7 Bxd1 18. Bxd8 Bxc2 19. Bxf6 gxf6 20. Rfe1 Rfd8 21. Nd5 Kg7 22. Rac1 Bd3 23. b3 f5 24. Rc3 f6 25. Ne7 a4 26. Nxf5+ Kg6 27. Ne7+ Kf7 28. Nd5 axb3 29. axb3 Rac8 30. Ne3 b5 31. Ra1 bxc4 32. bxc4 Ra8 33. Rca3 Rxa3 34. Rxa3 Rd7 35. Ra4 Rc7 36. g4 Be2 37. Kg2 Bf3+ 38. Kg3 h5 39. Nf5 hxg4 40. hxg4 Rc6 41. Ra7+ Kf8 42. Rb7 Rxc4 43. Rb8+ Kf7 44. Nd6+ Kg6 45. Nxc4 Be2 46. Ne3 Bf3 47. Rb7 Kg5 48. Nf5 Kg6 49. Rg7# 1-0


[Site "https://www.chess.com"]

[Event "Titled Tuesday Blitz February 14 Early 2023"]
[White "Hajiyev, Kanan"]
[Black "Morefield, Jason"]
[WhiteFideId "13404148"]
[BlackFideId "30920825"]
[WhiteElo "2197"]
[BlackElo "2167"]
[Result "1-0"]
[Round "04"]
[TimeControl "180+2"]
[Date "2023.02.15"]
[WhiteClock "0:00:04"]
[BlackClock "0:00:03"]

1. d4 Nf6 2. Nf3 b6 3. g3 Bb7 4. Bg2 g6 5. Nh4 Bxg2 6. Nxg2 Qc8 7. c4 Qb7 8. O-O h5 9. Nc3 Bg7 10. Qc2 Nc6 11. Rd1 O-O-O 12. d5 Ne5 13. Bf4 Nh7 14. Ne4 f5 15. Ng5 Nxg5 16. Bxg5 Rde8 17. c5 Kb8 18. a4 Nf7 19. Bf4 bxc5 20. Ra3 Ka8 21. Rb3 Qa6 22. Qxc5 g5 23. Be3 Rb8 24. Rb5 Rb6 25. Qxe7 Rxb5 26. axb5 Qf6 27. Qa3 1-0


[Site "https://www.chess.com"]